 Dungeon Crawl Stone Soup version 0.25-a0-992-gca090100c3 (webtiles) character file.

Game seed: 8558122685087787279, levelgen mode: deterministic

450 Flugslaktarn the Chopper (level 6, -7/56 HPs)
             Began as a Minotaur Fighter on May 10, 2020.
             Was a Follower of Uskayaw.
             Mangled by a two-headed ogre
             ... wielding a +0 giant spiked club
              (20 damage)
             ... on level 5 of the Dungeon.
             The game lasted 00:01:10 (1770 turns).

Flugslaktarn the Chopper (Minotaur Fighter)         Turns: 1770, Time: 00:01:11

Health: -7/56      AC:  9    Str: 20    XL:     6   Next: 74%
Magic:  6/6        EV:  5    Int:  5    God:    Uskayaw [*.....]
Gold:   134        SH: 10    Dex: 12    Spells: 5/5 levels left

rFire    . . .     SeeInvis .   a - +0 war axe
rCold    . . .     Gourm    .   c - +0 kite shield
rNeg     . . .     Faith    .   n - +0 chain mail
rPois    .         Spirit   .   (helmet restricted)
rElec    .         Reflect  .   (no cloak)
rCorr    .         Harm     .   (no gloves)
MR       .....                  (no boots)
Stlth    ..........             (no amulet)
HPRegen  0.18/turn              (no ring)
MPRegen  0.10/turn              (no ring)

@: no status effects
A: retaliatory headbutt, horns 2
a: Stomp, Renounce Religion


You were on level 5 of the Dungeon.
You worshipped Uskayaw.
Uskayaw was noncommittal.
You were hungry.

You visited 2 branches of the dungeon, and saw 6 of its levels.

You collected 134 gold pieces.

Inventory:

Hand Weapons
 a - a +0 war axe (weapon)
Armour
 b - a +0 scale mail
 c - a +0 kite shield (worn)
 i - a +0 chain mail
   (You found it on level 2 of the Dungeon)
 n - a +0 chain mail (worn)
   (You found it on level 4 of the Dungeon)
Jewellery
 h - an uncursed ring of positive energy {unknown}
   (You found it on level 2 of the Dungeon)
 l - an uncursed ring of resist corrosion {unknown}
   (You found it on level 2 of the Dungeon)
Scrolls
 f - 2 scrolls of remove curse {unknown}
 g - 5 scrolls of identify {unknown}
 j - 4 scrolls of teleportation {unknown}
 k - a scroll of noise {unknown}
 m - a scroll of enchant armour {unknown}
Potions
 d - a potion of might
 p - 2 potions of lignification {unknown}
Comestibles
 e - 2 rations


   Skills:
 + Level 5.1 Fighting
 * Level 5.7 Axes
 + Level 5.1 Armour
 + Level 5.0 Shields
 + Level 1.6 Invocations


You had 5 spell levels left.
You didn't know any spells.
Your spell library was empty.

Dungeon Overview and Level Annotations

Branches:
Dungeon (5/15)             Temple (1/1) D:4

Altars:
Ashenzari
Cheibriados
Dithmenos
Elyvilon
Fedhas
Kikubaaqudgha
Nemelex Xobeh
Okawaru
Qazlal
Ru
Trog
Uskayaw
Wu Jian
Xom
Zin


Innate Abilities, Weirdness & Mutations

You reflexively headbutt those who attack you in melee.
You have a pair of horns on your head.


Message History

Your shield and chain mail prevent you from hitting the two-headed ogre.
You headbutt the two-headed ogre.
The two-headed ogre is moderately wounded.
The two-headed ogre hits you with a +0 giant spiked club!
The two-headed ogre hits you with a +0 giant club!
* * * LOW HITPOINT WARNING * * *
You are too injured to fight recklessly!
You are too injured to fight recklessly!
You are too injured to fight recklessly!
You are too injured to fight recklessly!
You are too injured to fight recklessly!
You are too injured to fight recklessly!
You are too injured to fight recklessly!
Unknown command.
You hit the two-headed ogre.
You headbutt the two-headed ogre, but do no damage.
The two-headed ogre is moderately wounded.
You block the two-headed ogre's attack.
The two-headed ogre hits you with a +0 giant club!!
You die...

..$.......
........... #
#.........# ..
##.......))####.#
.##.#.............#
.........#.......##
..........#......##
........O##..<...#
....⌠.⌠.@.......##
....._.........##
....⌠.⌠...##..##
.........######
.(...>...#
........##
..##.....##
#.....<# ....#....#


You could see a two-headed ogre.

Vanquished Creatures
  An ogre (D:5)
  A scorpion (D:4)
  A howler monkey (D:4)
  A crimson imp (D:5)
  A hound (D:4)
  An orc priest (D:5)
  An orc wizard (D:5)
  Jessica (D:2)
  A worker ant (D:4)
  6 adders
  2 worms
  2 dart slugs
  A leopard gecko (D:4)
  8 orcs
  2 giant cockroaches
  A goblin (D:2)
  4 hobgoblins
  7 jackals (D:4)
  2 kobolds (D:2)
  A bat (D:2)
  3 frilled lizards (D:2)
  A quokka zombie (D:5)
  4 rats (D:2)
53 creatures vanquished.

Notes
Turn   | Place    | Note
-------+----------+-------------------------------------------
     0 | D:1      | Flugslaktarn the Minotaur Fighter began the quest for the
                  | Orb.
     0 | D:1      | Reached XP level 1. HP: 19/19 MP: 0/0
    50 | D:2      | Reached XP level 2. HP: 24/27 MP: 1/1
   119 | D:2      | Found a glowing silver altar of Zin.
   192 | D:2      | Reached XP level 3. HP: 28/33 MP: 2/2
   317 | D:2      | Noticed Jessica
   320 | D:2      | Killed Jessica
   323 | D:2      | Reached XP level 4. HP: 40/40 MP: 3/3
   549 | D:4      | Reached XP level 5. HP: 45/47 MP: 4/4
   760 | D:4      | Found a staircase to the Ecumenical Temple.
   765 | Temple   | Entered the Ecumenical Temple
   957 | Temple   | Became a worshipper of Uskayaw the Reveler
  1022 | D:4      | Reached * piety under Uskayaw
  1024 | D:4      | Reached ** piety under Uskayaw
  1125 | D:4      | Reached *** piety under Uskayaw
  1130 | D:4      | Reached skill level 5 in Axes
  1591 | D:5      | Entered Level 5 of the Dungeon
  1594 | D:5      | Reached skill level 1 in Invocations
  1594 | D:5      | Reached XP level 6. HP: 55/55 MP: 5/5
  1607 | D:5      | Reached **** piety under Uskayaw
  1609 | D:5      | Reached skill level 5 in Fighting
  1609 | D:5      | Reached skill level 5 in Armour
  1609 | D:5      | Reached skill level 5 in Shields
  1612 | D:5      | Reached ***** piety under Uskayaw
  1621 | D:5      | Noticed a two-headed ogre
  1747 | D:5      | Found a sparkling altar of Nemelex Xobeh.
  1770 | D:5      | Mangled by a two-headed ogre

Illustrated notes

Levels and vault maps discovered:
D:1:      dpeg_arrival_rooms_b, layout_loops_ring
D:2:      layout_rooms, nicolae_overflow_crystal_walls,
          chequers_ecumenical_altar_twisty, first_ration, uniq_jessica
D:3:      layout_basic, nicolae_gozag_cash_rules_everything_around_me,
          grunt_temple_overflow_holy_war, grunt_ministairs_5
D:4:      layout_loops_ring, temple_doors_e
D:5:      layout_cave_pools, nemelex_xobeh_ov_fountains_minmay, serial_shops,
          kennysheep_mini, tgw_kikubaaqudgha, uniq_eustachio,
          uniq_crazy_yiuf_cottage
Temple:   nicolae_temple_figure_eight

Skill      XL: |  1  2  3  4  5  6 |
---------------+-------------------+-----
Axes           | 3 4 5 |  5.7
Fighting       | 4 5 |  5.1
Armour         | 4 5 |  5.1
Shields        | 4 5 |  5.0
Invocations    | 1 |  1.6

Action                   |  1- 3 |  4- 6 || total
-------------------------+-------+-------++-------
Melee: War axe           |    25 |    93 ||   118
       Headbutt          |     2 |    17 ||    19
 Stab: Paralysed         |       |     3 ||     3
  Eat: Chunk             |       |     2 ||     2
Armor: Scale mail        |     4 |       ||     4
       Chain mail        |     4 |    66 ||    70
Dodge: Dodged            |    12 |    11 ||    23
Block: Kite shield       |    12 |    51 ||    63

Table legend:
 A = Non-vault XP
 B = Vault XP
 C = Vault XP percentage of total XP
 D = Non-vault monster count
 E = Vault monster count
 F = Vault count percentage of total count
                 A         B        C        D         E       F
            +---------+---------+-------+---------+---------+-------
      Total |     599 |      44 |   6.8 |      50 |       3 |   5.7
            +---------+---------+-------+---------+---------+-------
        D:1 |       6 |       0 |   0.0 |       2 |       0 |   0.0
        D:2 |      81 |      37 |  31.4 |      20 |       1 |   4.8
        D:3 |      13 |       7 |  35.0 |       1 |       2 |  66.7
        D:4 |     232 |       0 |   0.0 |      15 |       0 |   0.0
        D:5 |     267 |       0 |   0.0 |      12 |       0 |   0.0
            +---------+---------+-------+---------+---------+-------
